vs AT (MatioS and Zbirga and Chytry)

Match 32007990
End
Kradschützen Motorcycle Team
Selects Italian Combined Arms Battlegroup
Selects Italian Combined Arms Battlegroup
Selects Bersaglieri Squad
Bersaglieri Squad
Bersaglieri Squad
Bersaglieri Squad
Construct Light Support Kompanie
2.5-tonne Medical Truck
Selects Bersaglieri Bolster
Construct Mechanized Kompanie
Panzerjäger Mechanized Group
8 Rad Armored Car
Marder III Tank Destroyer
Selects Breda Model 30 Light Machine Guns
Support Armor Elements
Emergency Repair Kits
Marder III Tank Destroyer
Selects Semovente da 75/18 Assault Gun
Selects Carro Armato M13/40 Light Tank
Carro Armato M13/40 Light Tank
AI Takeover
MatioS
Zbirga
Chytry
Mike
Attitude Adjuster
OverlordCZ
0
0

Comments sign in to comment!

No comments posted yet!